 Dungeon Crawl Stone Soup version 0.18-a0-1196-g09327cf (console) character file.

50 FoCheiMinh the Firebug (level 4, 0/30 HPs)
             Began as a Formicid Fire Elementalist on Jan 30, 2016.
             Succumbed to an adder's poison
             ... on level 2 of the Dungeon.
             The game lasted 00:05:17 (1720 turns).

FoCheiMinh the Firebug (Formicid Fire Elementalist) Turns: 1720, Time: 00:05:17

Health: 0/30       AC:  2    Str: 13    XL:     4   Next: 4%
Magic:  1/8        EV: 12    Int: 15    God:
Gold:   82         SH:  0    Dex: 11    Spells: 2 memorised, 4 levels left

rFire  . . .     SeeInvis +     e - +0 short sword
rCold  . . .     Gourm    .     a - +0 robe
rNeg   . . .     Faith    .     (no shield)
rPois  .         Spirit   .     (helmet unavailable)
rElec  .         Dismiss  .     (no cloak)
rCorr  .         Reflect  .     (no gloves)
SustAt .         Harm     .     (no boots)
MR     .....                    (no amulet)
Stlth  ++........               (no ring)
                                (no ring)

@: lethally poisoned (0 -> -4), very slightly contaminated, not resistant to
hostile enchantments, unstealthy
A: permanent stasis, dig shafts and tunnels, four strong arms, antennae 3
a: Dig, Shaft Self


You were on level 2 of the Dungeon.
You were not hungry.

You visited 1 branch of the dungeon, and saw 2 of its levels.

You collected 82 gold pieces.

Inventory:

Hand Weapons
 e - a +0 short sword (weapon)
 i - a +0 whip
Missiles
 h - 68 stones (quivered)
 k - 5 silver javelins
 l - 6 tomahawks
Armour
 a - a +0 robe (worn)
 d - a +0 leather armour
 o - a +0 ring mail
Scrolls
 m - 2 scrolls of identify {unknown}
Books
 b - a book of Flames

   Spells                             Type                      Level
   a - Flame Tongue                   Conjuration/Fire             1
   b - Throw Flame                    Conjuration/Fire             2
   c - Conjure Flame                  Conjuration/Fire             3
   d - Inner Flame                    Hexes/Fire                   3
   e - Sticky Flame                   Conjuration/Fire             4
   f - Fireball                       Conjuration/Fire             5
Comestibles
 c - a bread ration
 g - 2 fruits
 n - a meat ration


   Skills:
 - Level 1.7 Dodging
 - Level 2.4 Stealth
 + Level 2.8 Spellcasting
 * Level 1.7 Conjurations
 + Level 3.7 Fire Magic


You had 4 spell levels left.
You knew the following spells:

 Your Spells              Type           Power        Failure   Level  Hunger
a - Flame Tongue          Conj/Fire      ##...        10%         1    #......
f - Conjure Flame         Conj/Fire      ##......     24%         3    ###....


Dungeon Overview and Level Annotations

Branches:
Dungeon (2/15)

Altars:
Elyvilon


Innate Abilities, Weirdness & Mutations

You are under a permanent stasis effect.
You can dig through walls and to a lower floor.
Your four strong arms can wield two-handed weapons with a shield.
You have a pair of large antennae on your head (SInv).


Message History

You miss the adder.
The adder is moderately wounded.
The adder barely misses you.
You barely miss the adder.
The adder is moderately wounded.
The adder barely misses you. The adder misses you.
You hit the adder.
The adder is heavily wounded.
The adder closely misses you.
You closely miss the adder.
The adder is heavily wounded.
The adder bites you.
* * * LOW HITPOINT WARNING * * *
You are lethally poisoned!
The adder poisons you!
You hit the adder.
You kill the adder!
You have reached level 4!
You feel stronger.
You die...

.##.#.##...# #
.##.#.##...#.#.> ##
.##.#.##...#.#.. ... .##.#.#
.....#.. .....####
.##.#.###..# #.. ##.#.b...
.##.#.#....#.#.. ...#...#
................. ..#...#
###.............#####.#...###
#####.##.#....@)(.........##
##.............####......?...
##..............# #........#
##...........##.####...S......
##................##.###......
##...........##...............
##...........##.#....#........
##...........##.#.............
##..........# #.#.............


There were no monsters in sight!

Vanquished Creatures
  An adder (D:2)
  A worm (D:2)
  A giant gecko (D:2)
  2 ball pythons (D:1)
  3 giant cockroaches (D:1)
  5 goblins
  4 hobgoblins
  10 bats
  2 giant newts
  4 kobolds (D:1)
  4 rats
37 creatures vanquished.

Notes
Turn   | Place    | Note
--------------------------------------------------------------
     0 | D:1      | FoCheiMinh the Formicid Fire Elementalist began the quest for the Orb.
     0 | D:1      | Reached XP level 1. HP: 13/13 MP: 3/3
    78 | D:1      | Reached skill level 1 in Conjurations
   302 | D:1      | Reached XP level 2. HP: 19/19 MP: 0/5
   805 | D:1      | Reached XP level 3. HP: 17/24 MP: 1/6
   893 | D:1      | Learned a level 3 spell: Conjure Flame
  1451 | D:2      | Found a white marble altar of Elyvilon.
  1719 | D:2      | HP: 1/24 [adder (2)]
  1720 | D:2      | Reached XP level 4. HP: 1/30 MP: 0/8
  1720 | D:2      | Succumbed to an adder's poison

Vault maps used:
D:1:      minmay_arrival_loop, corexii_leaking_fountain
D:2:      lemuel_upstairs_altar, lemuel_doored_altar,
          lemuel_coloured_pillars_altar

Action                   |  1- 3 |  4- 6 || total
-------------------------+-------+-------++-------
Melee: Short sword       |    29 |       ||    29
Throw: Stone             |     1 |       ||     1
 Cast: Flame Tongue      |    56 |       ||    56
  Use: Potion            |     1 |       ||     1
 Stab: Sleeping          |     1 |       ||     1
  Eat: Chunk             |     3 |       ||     3
